 Dungeon Crawl Stone Soup version 0.29-a0-284-gf9362112df (webtiles) character file.

Game seed: 760331247945557690

3939 silky the Basher (level 10, -5/96 HPs)
             Began as a Minotaur Chaos Knight on Mar 30, 2022.
             Was a Plaything of Xom.
             Slain by a boulder beetle (11 damage)
             ... on level 8 of the Dungeon.
             The game lasted 00:23:29 (5921 turns).

silky the Basher (Minotaur Chaos Knight)            Turns: 5921, Time: 00:23:30

Health: -5/96      AC: 15    Str: 22    XL:     10   Next: 1%
Magic:  9/9        EV: 14    Int: 18    God:    Xom [....*.]
Gold:   504        SH:  4    Dex: 15    Spells: 5/9 levels left

rFire   + + +      SeeInvis .   a - +4 mace (chaos)
rCold   + . .      Faith    .   (no shield)
rNeg    + + .      Spirit   .   l - +6 ring mail "Etikk" {rN+}
rPois   .          Reflect  .   (helmet restricted)
rElec   +          Harm     .   (no cloak)
rCorr   .          Rampage  .   (no gloves)
Will    .....      Clarity  +   (no boots)
Stlth   ++........              e - amulet of Monyc Avvire {rF++ Regen+ Int+3 Stlth+}
HPRegen 1.86/turn               u - ring of positive energy
MPRegen 0.11/turn               v - ring of protection from cold

@: studying Armour
A: horns 2, retaliatory headbutt, iridescent scales 1, large bone plates 1,
agile 2, clarity, clever 2, fire resistance 1, mutation resistance 1,
regeneration 1, robust 1, electricity resistance, strong 2, wild magic 1,
MP-powered wands
a: Renounce Religion


You were on level 8 of the Dungeon.
You worshipped Xom.
You were a beloved toy of Xom.
You visited 1 branch of the dungeon, and saw 8 of its levels.
You also visited: Sewer and Ossuary.

You collected 504 gold pieces.

Inventory:

Hand Weapons
 a - a +4 mace of chaos (weapon)
 p - a +3 rapier of flaming
Missiles
 g - a throwing net
 n - 3 javelins
 q - 8 poisoned darts
Armour
 l - the +6 ring mail "Etikk" (worn) {rN+}
   (You found it on level 5 of the Dungeon)

   rN:        It protects you from negative energy.
 A - the +1 leather armour of the Kettle-Drum {Harm rPois Will- Regen+}
   (You found it on level 5 of the Dungeon)

   rPois:     It protects you from poison.
   Regen:     It increases your rate of health regeneration.
   Harm:      It increases damage dealt and taken.
   Will:      It decreases your willpower.
Magical Staves
 i - a staff of conjuration
Jewellery
 e - the amulet of Monyc Avvire (around neck) {rF++ Regen+ Int+3 Stlth+}
   (You acquired it in an ossuary)

   [amulet of regeneration]

   Int:       It affects your intelligence (+3).
   rF:        It greatly protects you from fire.
   Regen:     It increases your rate of health regeneration.
   Stlth:     It makes you more stealthy.
 u - a ring of positive energy (left hand)
 v - a ring of protection from cold (right hand)
Wands
 f - a wand of mindburst (16)
 k - a wand of flame (18)
 D - a wand of charming (4)
 E - a wand of paralysis (7)
Scrolls
 b - 2 scrolls of blinking
 d - 2 scrolls of amnesia
 m - a scroll of immolation
 o - a scroll of vulnerability
 r - 4 scrolls of noise
 s - 2 scrolls of fear
 t - a scroll of fog
 y - 3 scrolls of teleportation
 z - 2 scrolls of magic mapping
 F - 2 scrolls of identify
Potions
 h - 7 potions of curing
 j - a potion of invisibility
 w - 4 potions of lignification
 x - a potion of haste
 B - a potion of ambrosia
 C - a potion of heal wounds
Miscellaneous
 c - a piece from Xom's chessboard (15/15) (quivered)


   Skills:
 + Level 7.7 Fighting
 + Level 10.8 Maces & Flails
 + Level 10.2 Armour
 + Level 6.1 Dodging
 + Level 2.4 Stealth
 + Level 4.3 Shields
 + Level 0.4 Spellcasting
 + Level 0.3 Conjurations
 + Level 0.3 Air Magic
 + Level 0.4 Poison Magic
 + Level 0.9 Evocations


You had 5 spell levels left.
You knew the following spells:

 Your Spells              Type           Power      Damage    Failure   Level
a - Mephitic Cloud        Conj/Pois/Air  2%         N/A       71%         3
b - Magic Dart            Conj           8%         1d3       34%         1

Your spell library contained the following spells:

 Spells                   Type           Power      Damage    Failure   Level
 Animate Skeleton         Necr           0%         N/A       38%         1
 Pain                     Necr           0%         1d4       38%         1
 Call Imp                 Summ           0%         N/A       52%         2
 Ensorcelled Hibernation  Hex/Ice        0%         N/A       52%         2
 Conjure Flame            Conj/Fire      1%         6-21      73%         3
 Ignite Poison            Fire/Tmut/Pois 1%         N/A       73%         3
 Spider Form              Tmut/Pois      1%         N/A       73%         3
 Vampiric Draining        Necr           0%         2d6       75%         3
 Anguish                  Hex/Necr       0%         N/A       98%         4
 Animate Armour           Summ/Erth      0%         N/A       98%         4
 Sticky Flame             Conj/Fire      1%         2d3       98%         4
 Blade Hands              Tmut           0%         N/A       100%        5
 Iron Shot                Conj/Erth      0%         9d1       100%        6


Dungeon Overview and Level Annotations

Branches:
Dungeon (8/15)             Temple (0/1) D:4           Sewer (visited)
Ossuary (visited)
   Lair: D:8-11

Altars:
Vehumet
Xom


Innate Abilities, Weirdness & Mutations

You have a pair of horns on your head.
You reflexively headbutt those who attack you in melee.
You are partially covered in iridescent scales. (AC +2)
You are partially covered in large bone plates. (SH +4)
You are very agile. (Dex +4)
You possess an exceptional clarity of mind.
Your mind is very acute. (Int +4)
Your flesh is heat resistant. (rF+)
You are somewhat resistant to further mutation.
Your natural rate of healing is unusually fast.
You are robust. (+10% HP)
You are resistant to electric shocks. (rElec)
Your muscles are very strong. (Str +4)
Your spells are a little harder to cast, but a little more powerful.
You expend magic power (3 MP) to strengthen your wands.


Message History

You hit the boulder beetle but do no damage.
The boulder beetle is lightly wounded.
You block the boulder beetle's attack.
You hit the boulder beetle but do no damage.
The boulder beetle looks as sick as possible!
The boulder beetle is lightly wounded.
The boulder beetle bites you but does no damage. x2
You hit the boulder beetle but do no damage.
The boulder beetle resists with almost no effort.
The boulder beetle is lightly wounded.
You block the boulder beetle's attack.
You sock the boulder beetle!
The boulder beetle is moderately wounded.
The boulder beetle bites you!!
You hit the boulder beetle. You freeze the boulder beetle.
You headbutt the boulder beetle, but do no damage.
The boulder beetle is heavily wounded.
The boulder beetle bites you!
The boulder beetle bites you but does no damage.
You hit the boulder beetle but do no damage.
The boulder beetle goes berserk!
The boulder beetle is severely wounded.
The boulder beetle bites you.
You hit the boulder beetle but do no damage.
You headbutt the boulder beetle, but do no damage.
The boulder beetle is severely wounded.
You hear Xom's avuncular chuckle.
You are now a beloved toy of Xom.
The boulder beetle bites you. The boulder beetle bites you!
You hit the boulder beetle but do no damage.
The boulder beetle is severely wounded.
The boulder beetle misses you.
You hit the boulder beetle but do no damage.
You headbutt the boulder beetle, but do no damage.
The boulder beetle is severely wounded.
The boulder beetle bites you!!
* * * LOW HITPOINT WARNING * * *
You sock the boulder beetle!
The boulder beetle is almost dead.
The boulder beetle bites you!
You die...

*,*,*,.. ,*, * * ,* *., ,*,.##*
, *,* ,, **,,, **..,*.#... ,,, ,
,*,, * ,* .. #.#.####### ,,, , ,
, ,#.#.#.#.....#, ,**, , ,,
*#...#.#.###.# # * , , , #
#...'.#?'.#.. , ,,
##.#.#.#.###.#.## , , ,
###..#.#)#...B@#..#####...
*#..#.....#######..#............
,........))))..........#.......
#.##....#####.<.........# ...
*##.......))).........# *#.##
**, * ###.................# #...
** ###.............##..####... *
#...........).............. , ,
*#..............>...........


You could see a boulder beetle (berserk, fast, very poisoned).

Vanquished Creatures
  A two-headed ogre (D:8)
  Pikel (D:8)
  A kobold demonologist (D:7)
  A wraith (Ossuary)
  Menkaure (D:6)
  2 water moccasins
  Pargi (D:3)
  An orc warrior (D:7)
  2 ice beasts
  A black bear (D:6)
  2 ogres
  2 centaurs
  3 phantoms
  2 kobold brigands
  Blork the orc (D:6)
  A gnoll sergeant (D:6)
  2 bullfrogs (Sewer)
  A necrophage (D:3)
  2 scorpions
  2 orc priests
  3 hounds
  A gnoll shaman (D:4)
  2 iguanas
  3 orc wizards
  A mummy (Ossuary)
  9 gnolls
  4 adders
  A shadow imp (D:7)
  2 worms
  6 dart slugs
  20 orcs
  6 ball pythons
  6 bats
  8 endoplasms
  6 giant cockroaches
  5 goblins
  3 hobgoblins
  4 quokkas
  5 frilled lizards
  7 gnoll skeletons (Ossuary)
  17 kobolds
  3 kobold skeletons (Ossuary)
  15 orc skeletons (Ossuary)
  10 rats
177 creatures vanquished.

Vanquished Creatures (others)
  An orc (D:8)
  8 plants
9 creatures vanquished.

Grand Total: 186 creatures vanquished

Notes
Turn   | Place    | Note
-------+----------+-------------------------------------------
     0 | D:1      | silky the Minotaur Chaos Knight began the quest for the
                  | Orb.
     0 | D:1      | Reached XP level 1. HP: 19/19 MP: 0/0
    17 | D:1      | Found a faded altar of an unknown god.
   136 | D:1      | XOM: silly message
   231 | D:1      | XOM: divination: magic mapping
   269 | D:1      | Reached XP level 2. HP: 27/27 MP: 1/1
   442 | D:1      | XOM: noise
   673 | D:1      | XOM: give mutations
   673 | D:1      | Gained mutation: Your muscles are strong. (Str +2) [Xom's
                  | grace]
   673 | D:1      | Gained mutation: Your muscles are very strong. (Str +4)
                  | [Xom's grace]
   673 | D:1      | Gained mutation: Your mind is acute. (Int +2) [Xom's grace]
   673 | D:1      | Gained mutation: Your natural rate of healing is unusually
                  | fast. [Xom's grace]
   682 | D:1      | XOM: scenery: create altars
  1017 | D:2      | XOM: god gift: scale mail {god gift}
  1107 | D:2      | Reached XP level 3. HP: 33/33 MP: 2/2
  1341 | D:2      | XOM: god gift: 3 javelins
  1457 | D:2      | XOM: give mutations
  1457 | D:2      | Gained mutation: You are partially covered in iridescent
                  | scales. (AC +2) [Xom's grace]
  1457 | D:2      | Gained mutation: You are partially covered in large bone
                  | plates. (SH +4) [Xom's grace]
  1457 | D:2      | Gained mutation: You are resistant to electric shocks.
                  | (rElec) [Xom's grace]
  1457 | D:2      | Gained mutation: Your mind is very acute. (Int +4) [Xom's
                  | grace]
  1592 | D:3      | Reached XP level 4. HP: 30/41 MP: 3/3
  1912 | D:3      | Noticed Pargi
  1927 | D:3      | XOM: god gift: 31 gold pieces
  1930 | D:3      | Killed Pargi
  1931 | D:3      | Reached skill level 5 in Fighting
  1931 | D:3      | Reached skill level 5 in Maces & Flails
  1931 | D:3      | Reached XP level 5. HP: 46/48 MP: 4/4
  2051 | D:3      | Reached XP level 6. HP: 55/56 MP: 5/5
  2116 | D:3      | XOM: give mutations
  2116 | D:3      | Gained mutation: You are somewhat resistant to further
                  | mutation. [Xom's grace]
  2116 | D:3      | Gained mutation: You are agile. (Dex +2) [Xom's grace]
  2297 | D:3      | XOM: summons 3 hostile demons
  2432 | D:4      | Reached skill level 1 in Shields
  2531 | D:4      | Reached skill level 5 in Armour
  2555 | D:4      | Found a staircase to the Ecumenical Temple.
  2654 | D:4      | Reached XP level 7. HP: 36/61 MP: 6/6
  2723 | D:4      | XOM: divination: magic mapping
  2739 | D:4      | XOM: 3-stop teleportation journey
  2801 | D:4      | Found a glowing drain.
  2819 | Sewer    | Entered a sewer
  2991 | Sewer    | XOM: summons friendly iron imp
  2996 | Sewer    | XOM: fog
  3019 | Sewer    | XOM: give mutations
  3019 | Sewer    | Gained mutation: Your spells are a little harder to cast,
                  | but a little more powerful. [Xom's grace]
  3019 | Sewer    | Gained mutation: You are very agile. (Dex +4) [Xom's grace]
  3221 | D:5      | Entered Level 5 of the Dungeon
  3310 | D:5      | Identified the +6 ring mail "Etikk" {rN+}
  3647 | D:5      | XOM: god gift: scroll labelled OTHYEN DOUXU {god gift}
  3684 | D:5      | XOM: give mutations
  3684 | D:5      | Gained mutation: You possess an exceptional clarity of
                  | mind. [Xom's grace]
  3684 | D:5      | Gained mutation: You are robust. (+10% HP) [Xom's grace]
  3684 | D:5      | Gained mutation: You expend magic power (3 MP) to
                  | strengthen your wands. [Xom's grace]
  3794 | D:5      | Found a sand-covered staircase.
  3804 | Ossuary  | Entered an ossuary
  3804 | Ossuary  | Noticed a wraith
  3804 | Ossuary  | Noticed a wraith
  3804 | Ossuary  | Noticed a wraith
  3815 | Ossuary  | Reached XP level 8. HP: 77/77 MP: 7/7
  3975 | Ossuary  | Identified a scroll of acquirement
  3978 | Ossuary  | Acquired the amulet of Monyc Avvire {rF++ Regen+ Int+3
                  | Stlth+}
  4247 | D:5      | Identified the +1 leather armour of the Kettle-Drum {Harm
                  | rPois Will- Regen+}
  4588 | D:6      | XOM: scenery: create altars
  4740 | D:6      | Noticed Menkaure
  4742 | D:6      | Noticed Blork the orc
  4749 | D:6      | Killed Menkaure
  4753 | D:6      | Killed Blork the orc
  4820 | D:6      | XOM: silly message
  4951 | D:6      | Found a radiant altar of Vehumet.
  4962 | D:6      | Learned a level 3 spell: Mephitic Cloud
  4973 | D:6      | Learned a level 1 spell: Magic Dart
  5111 | D:7      | XOM: silly message
  5132 | D:7      | Noticed a kobold demonologist
  5136 | D:7      | XOM: 10-stop teleportation journey
  5147 | D:7      | XOM: enchant monster (good)
  5154 | D:7      | Noticed a sun demon
  5154 | D:7      | Killed a kobold demonologist
  5155 | D:7      | Reached XP level 9. HP: 85/85 MP: 8/8
  5161 | D:7      | Reached skill level 1 in Stealth
  5186 | D:7      | XOM: confuse monster(s)
  5235 | D:7      | XOM: give mutation
  5235 | D:7      | Gained mutation: Your flesh is heat resistant. (rF+) [Xom's
                  | grace]
  5389 | D:7      | XOM: cast spell 'Disjunction'
  5400 | D:7      | Reached skill level 10 in Maces & Flails
  5475 | D:7      | XOM: god gift: 15 gold pieces
  5641 | D:7      | Reached skill level 5 in Dodging
  5748 | D:8      | XOM: potion effect (haste)
  5762 | D:8      | Noticed Pikel
  5776 | D:8      | Killed Pikel
  5777 | D:8      | Reached skill level 10 in Armour
  5799 | D:8      | Noticed a two-headed ogre
  5809 | D:8      | Killed a two-headed ogre
  5810 | D:8      | Reached XP level 10. HP: 96/96 MP: 2/9
  5815 | D:8      | XOM: cloud trail
  5899 | D:8      | Noticed a boulder beetle
  5901 | D:8      | XOM: divination: magic mapping
  5918 | D:8      | XOM: enchant monster (bad)
  5920 | D:8      | HP: 4/96 [boulder beetle (29)]
  5921 | D:8      | Slain by a boulder beetle

Illustrated notes

Levels and vault maps discovered:
D:1:      dpeg_arrival_ratfight, layout_basic, chequers_ecumenical_altar_simple,
          nrook_campfire, minmay_shallow_snake_nest
D:2:      layout_loops_ring
D:3:      layout_basic, dk_noncrumbling_4, uniq_pargi
D:4:      layout_cave_pools, minmay_temple_entry_drinking_statues, serial_park,
          serial_park_square1 [serial_park_minivault_5x5_8], serial_park_square1
          [serial_park_minivault_5x5_5], serial_park_tiny_1,
          serial_park_tiny_pond, cheibrodos_sewer_entry_bend
D:5:      layout_basic, nicolae_ossuary_entry_ruins, grunt_ministairs_11,
          kennysheep_pointless_box
D:6:      layout_basic, nicolae_vehumet_altar_sigil, uniq_menkaure,
          uniq_blork_the_orc
D:7:      layout_loops_ring
D:8:      layout_rooms, serial_bayou_pond_e,
          nicolae_concentric_dashed_squares_wild, minmay_shattered_shrine,
          uniq_maggie, uniq_pikel

Skill      XL: |  1  2  3  4  5  6  7  8  9 |
---------------+----------------------------+-----
Fighting       | 4 5 6 7 |  7.7
Maces & Flails | 4 5 6 7 9 10 | 10.8
Dodging        | 2 3 4 6 |  6.1
Armour         | 4 5 7 9 10 | 10.2
Shields        | 1 2 3 4 |  4.3
Stealth        | 2 |  2.4
Spellcasting   | |  0.4
Conjurations   | |  0.3
Air Magic      | |  0.3
Poison Magic   | |  0.4
Evocations     | |  0.9

Action                   |  1- 3 |  4- 6 |  7- 9 | 10-12 || total
-------------------------+-------+-------+-------+-------++-------
Melee: Mace              |    73 |    81 |   260 |    22 ||   436
       Headbutt          |     9 |    13 |    49 |     5 ||    76
       Punch             |     1 |       |     4 |       ||     5
 Cast: Magic Dart        |       |       |     1 |       ||     1
       Mephitic Cloud    |       |       |     1 |       ||     1
Evoke: Piece from Xom's  |       |     4 |       |       ||     4
       Wand              |       |     2 |     2 |       ||     4
  Use: Scroll            |       |     5 |    16 |       ||    21
       Potion            |       |     6 |     1 |       ||     7
 Stab: Paralysed         |       |       |     4 |       ||     4
       Confused          |       |       |     1 |       ||     1
       Sleeping          |       |       |     1 |       ||     1
Armor: Leather armour    |    12 |       |       |       ||    12
       Scale mail        |    20 |    66 |    30 |       ||   116
       Ring mail         |       |       |   110 |     7 ||   117
Dodge: Dodged            |    47 |    93 |   173 |     4 ||   317
Block: Other             |     4 |    26 |    43 |     2 ||    75

Table legend: (Time is in decaauts)
 A = Elapsed time spent in this place.
 B = Non-inter-level travel time spent in this place.
 C = Inter-level travel time spent in this place.
 D = Time resting spent in this place.
 E = Time spent auto-exploring this place.
 F = Levels seen in this place.
 G = Mean time per level.
                   A        B        C        D        E       F      G
               +--------+--------+--------+--------+--------+-----+--------+
         Total |   5981 |   5865 |    116 |     53 |   4119 |  10 |  598.1 |
       Dungeon |   5511 |   5395 |    116 |     53 |   4008 |   8 |  688.9 |
         Sewer |    248 |    248 |      0 |      0 |    110 |   1 |  248.0 |
       Ossuary |    221 |    221 |      0 |      0 |      0 |   1 |  221.0 |
               +--------+--------+--------+--------+--------+-----+--------+

Top non-repeatable levels by time:
     D:5: 1115 daAuts
     D:3: 959 daAuts
     D:1: 855 daAuts
     D:7: 674 daAuts
     D:2: 622 daAuts
     D:4: 607 daAuts
     D:6: 504 daAuts
   Sewer: 248 daAuts
 Ossuary: 221 daAuts
     D:8: 172 daAuts
